 Dungeon Crawl Stone Soup version 0.29-a0-384-g6960b1960d (webtiles) character file.

Game seed: 5104087205162181951

53 NinjaNoafa the Magician (level 4, -23/49 HPs)
             Began as a Djinni Ice Elementalist on May 6, 2022.
             Killed by an exploding Terence (29 damage)
             ... ignited by their inner flame
             ... on level 2 of the Dungeon.
             The game lasted 00:04:02 (2105 turns).

NinjaNoafa the Magician (Djinni Ice Elementalist)   Turns: 2105, Time: 00:04:03

Health: -23/49     AC: 22    Str:  4 (7)  XL:     4   Next: 11%
Gold:   85         EV:  2    Int: 16 (19) God:
                   SH:  0    Dex: 12 (13)

rFire   . . .      SeeInvis .   j - staff of earth
rCold   + . .      Faith    .   (no shield)
rNeg    . . .      Spirit   .   (body armour currently unavailable)
rPois   ∞          Reflect  .   (helmet currently unavailable)
rElec   .          Harm     .   (cloak currently unavailable)
rCorr   .          Rampage  .   (gloves currently unavailable)
Will    +....      NoTele   +   (boots unavailable)
Stlth   ++........              (no amulet)
HPRegen 0.16/turn               d - ring of willpower
MPRegen 0.00/turn               i - ring of protection from cold

@: tree-form
A: stationary, stasis, torment immunity, boosted hp, sickness immunity, (fire
resistance 2), (cold vulnerability 1), float, innate caster, HP casting, extra
vitality 1
a: no special abilities


You were on level 2 of the Dungeon.
You were a tree.
You visited 1 branch of the dungeon, and saw 2 of its levels.

You collected 85 gold pieces.

Inventory:

Hand Weapons
 f - a +0 dagger
Missiles
 c - 136 stones
Armour
 a - a +0 robe (melded)
 l - a +0 helmet (melded)
Magical Staves
 j - a staff of earth (weapon)
Jewellery
 d - a ring of willpower (left branch)
 e - a ring of protection from fire
 i - a ring of protection from cold (right branch)
Scrolls
 q - a scroll of blinking


   Skills:
 + Level 2.1 Fighting
 - Level 2.3 Dodging
 - Level 1.7 Stealth
 + Level 3.7 Spellcasting


You couldn't memorise any spells.
You knew the following spells:

 Your Spells              Type           Power      Damage    Failure   Level
a - Freeze                Ice            60%        1d8       3%          1
b - Frozen Ramparts       Ice            30%        1d5       11%         3
c - Ozocubu's Armour      Ice            15%        N/A       11%         3
d - Hailstorm             Conj/Ice       15%        3d5       36%         4
e - Sting                 Tmut/Pois      60%        1d6       3%          1
Your spell library was empty.

Dungeon Overview and Level Annotations

Branches:
Dungeon (2/15)

Altars:


Innate Abilities, Weirdness & Mutations

You are a tree.
Your roots penetrate the ground, keeping you stationary.
You cannot be teleported.
You are immune to unholy pain and torment.
Your maximum health is greatly increased.
Your equipment is partially melded.
You are immune to sickness and miasma.
You are immune to poison.
((Your flesh is very heat resistant. (rF++)))
((You are vulnerable to cold. (rC-)))
You float through the air rather than walking.
You learn spells naturally, not from books.
Your magical power is your life essence.
You have superior vitality. (+4 MHP)


Message History

* * * LOW HITPOINT WARNING * * *
Terence hits you but does no damage.
As you read the scroll labelled TEKUZX QETHU, it crumbles to dust.
The creatures around you are filled with an inner flame!
It was a scroll of immolation.
Terence hits you but does no damage.
Casting: Freeze (safe; 3% risk of failure)
Confirm with . or Enter, or press ? or * to list all spells.
Aiming: Sting (safe; 3% risk of failure)
Press: ? - help, Shift-Dir - straight line, f/p - Terence
Aim: Terence, wielding a +0 mace and wearing a +2 chain mail of poison resistance (blue smoke, severely wounded, inner flame, strong, 81% to hit)
The sting hits Terence but does no damage.
Terence is poisoned.
Terence is severely wounded.
* * * LOW HITPOINT WARNING * * *
Flame seeps out of Terence.
Terence hits you but does no damage.
As you read the scroll labelled XEMAUSS FACIRE, it crumbles to dust.
You feel a surge of unholy energy.
Terence convulses!
Flame seeps out of Terence.
It was a scroll of torment.
Terence hits you but does no damage.
As you read the scroll labelled LASELUOBOD, it crumbles to dust.
It is a scroll of identify.
o - a scroll of poison Terence hits you but does no damage.
As you read the scroll of identify, it crumbles to dust.
q - a scroll of blinking Flame seeps out of Terence.
Terence hits you but does no damage.
The air fills with toxic fumes!
As you read the scroll of poison, it crumbles to dust.
Terence barely misses you.
As you read the scroll labelled SAFIXIFEGI, it crumbles to dust.
It is a scroll of amnesia.
You feel forgetful for a moment.
Flame seeps out of Terence.
Terence hits you with a +0 mace.
* * * LOW HITPOINT WARNING * * *
You aren't carrying any potions.
You cannot move.
Terence explodes!
The fiery explosion engulfs you!!
Ouch! That really hurt!
You die...

# ##.#..#... ## #..#..#### .####
# #..#.#.... ....### ..####
##..##..... ..#...#####
...>####...####### #.>##.....#
#####§§§#..#........ ##.#
###(####§§§.§§...§.....#.#.
##.#####....?.§§§§.†§§§§#..###...
......†....###§§♣§§§§##...## ##.#
##..######..#.§§§§.#####..# #>
###.. #.....§§§### #...# #.# ##..
#..##...#§### ..#..###.. #.....
#.#.§§§.###.####....#.
####..##...§§§.....# ###.##
#.......§§§.....# #.....
..##...§§§§§..#...###.....
.#.............# #.........


There were no monsters in sight!

Vanquished Creatures
  Terence (D:2)
  2 adders (D:2)
  A worm (D:2)
  4 ball pythons
  5 bats
  2 endoplasms
  A giant cockroach (D:2)
  2 goblins (D:1)
  4 hobgoblins
  A quokka (D:1)
  2 frilled lizards (D:2)
  3 kobolds
  8 rats
36 creatures vanquished.

Notes
Turn   | Place    | Note
-------+----------+-------------------------------------------
     0 | D:1      | NinjaNoafa the Djinni Ice Elementalist began the quest for
                  | the Orb.
     0 | D:1      | Reached XP level 1. HP: 15/15 MP: 0/0
   181 | D:1      | Reached XP level 2. HP: 16/22 MP: 0/0
   799 | D:1      | Reached skill level 1 in Fighting
  1534 | D:2      | Reached XP level 3. HP: 23/27 MP: 0/0
  1534 | D:2      | Learned a level 1 spell: Sting
  2061 | D:2      | Noticed Terence
  2097 | D:2      | Reached XP level 4. HP: 7/33 MP: 0/0
  2105 | D:2      | Killed Terence
  2105 | D:2      | Killed by an exploding Terence... ignited by their inner
                  | flame

Illustrated notes

Levels and vault maps discovered:
D:1:      dpeg_arrival_water_temple_mockup, layout_basic
D:2:      layout_rooms, minmay_3d_cube, uniq_terence

Skill      XL: |  1  2  3 |
---------------+----------+-----
Fighting       | 1 2 |  2.1
Dodging        | |  2.3
Stealth        | |  1.7
Spellcasting   | |  3.7

Action                   |  1- 3 |  4- 6 || total
-------------------------+-------+-------++-------
Melee: Staff             |    26 |       ||    26
 Cast: Freeze            |    43 |     1 ||    44
       Sting             |     8 |     1 ||     9
  Use: Potion            |     3 |       ||     3
       Scroll            |     1 |     6 ||     7
Armor: Robe              |    25 |       ||    25
       Skin              |    21 |     6 ||    27
Dodge: Dodged            |    55 |     1 ||    56

Table legend: (Time is in decaauts)
 A = Elapsed time spent in this place.
 B = Non-inter-level travel time spent in this place.
 C = Inter-level travel time spent in this place.
 D = Time resting spent in this place.
 E = Time spent auto-exploring this place.
 F = Levels seen in this place.
 G = Mean time per level.
                   A        B        C        D        E       F      G
               +--------+--------+--------+--------+--------+-----+--------+
         Total |   2107 |   2029 |     78 |      0 |   1740 |   2 | 1053.5 |
       Dungeon |   2107 |   2029 |     78 |      0 |   1740 |   2 | 1053.5 |
               +--------+--------+--------+--------+--------+-----+--------+

Top non-repeatable levels by time:
     D:1: 1479 daAuts
     D:2: 628 daAuts
